Match 40313410
Unlisted

Match 40313410
End
Selects Luftwaffe Battlegroup
Selects Luftwaffe Pioneer Support
Fallschirmpioneer Squad Paradrop
Construct Infanterie Kompanie
GrW 34 Mortar Team
MG 42 Machine Gun Team
Selects Flak 38 Anti-Air Emplacement
Grenadier Squad
Fallschirmpioneer Squad Paradrop
Construct Luftwaffe Kompanie
Selects Stuka Strafing Run
Medical Station
Stuka Strafing Run
Support Elements
Selects Fallschirmjäger Squad Paradrop
Fallschirmjäger Squad Paradrop
Marder III M Tank Destroyer
Fallschirmjäger Squad Paradrop
Stuka Strafing Run
Selects Flak 36 Anti-tank Gun Emplacement
Luftwaffe Officer Quarters
Construct Panzergrenadier Kompanie
Selects Stuka Loiter
Fallschirmpioneer Squad Paradrop
Stuka Strafing Run
251 Medium Carrier
Stuka Loiter
StuG III G Assault Gun
InFlames
Oz
Cheddahbeast
Narobit
L'hermite
SandiPon
TidaL
Skylight
0
0

Comments sign in to comment!

No comments posted yet!